 Dungeon Crawl Stone Soup version 0.13-a0-2531-g2ad9301 (webtiles) character file.

6077 Rycklaryybbe the Carver (level 10, 0/72 HPs)
             Began as a Demonspawn Warper on July 26, 2013.
             Was an Elder of Okawaru.
             Succumbed to a killer bee's poison
             ... on Level 8 of the Dungeon.
             The game lasted 00:38:47 (9745 turns).

Rycklaryybbe the Carver (Demonspawn Warper)         Turns: 9745, Time: 00:38:47

HP   0/72        AC 20     Str 12      XL: 10   Next: 45%
MP  15/15        EV  9     Int 16      God: Okawaru [****..]
Gold 483         SH  0     Dex 10      Spells:  4 memorised,  7 levels left

Res.Fire  : + . .   See Invis. : .   X - +2,+3 great sword (curse)
Res.Cold  : . . .   Warding    : +   M - -5 ring mail of Grace {rN+ Dam+5}
Life Prot.: + + .   Conserve   : .   (no shield)
Res.Poison: .       Res.Corr.  : .   Z - +2 crested helmet
Res.Elec. : .       Clarity    : .   s - +1 cloak {darkness}
Sust.Abil.: . .     Spirit.Shd : .   B - +2 pair of gloves
Res.Mut.  : .       Stasis     : .   (no boots)
Res.Rott. : .       Flight     : .   o - amulet of warding
Saprovore : + . .                    y - ring of protection from magic
                                     m - ring of protection from fire

@: mildly poisoned, very slightly contaminated, quite resistant to hostile
enchantments, extremely unstealthy
A: talons 1, deterioration 1, powered by pain 2, saprovore 1, AC +10, Int -1,
Dex -3
a: Heroism, Renounce Religion, Evoke Invisibility


You were on level 8 of the Dungeon.
You worshipped Okawaru.
Okawaru was extremely pleased with you.
You were not hungry.

You visited 1 branch of the dungeon, and saw 9 of its levels.

You collected 433 gold pieces.

Inventory:

Hand weapons
 a - a cursed +0,+0 short sword
 h - a +0 blowgun
 v - a +2,+0 dagger of electrocution
 C - a +0,+0 orcish falchion
 X - a cursed +2,+3 great sword (weapon)
Missiles
 f - 5 darts of dispersal (quivered)
 u - 16 poisoned needles
 E - 19 darts of flame
Armour
 e - a +0 orcish leather armour of cold resistance
 s - a +1 cloak of darkness (worn)
 B - a +2 pair of gloves (worn)
 M - the cursed -5 ring mail of Grace (worn) {rN+ Dam+5}
   (You found it on level 5 of the Dungeon)

   It affects your damage-dealing abilities (+5).
   It protects you from negative energy.
   It has a curse placed upon it.
 Z - a +2 crested helmet (worn)
Magical devices
 j - a wand of confusion (15)
 n - a wand of draining (3)
 D - a wand of paralysis (14) {unknown}
 Y - a wand of confusion (6)
Comestibles
 b - 17 cheeses
 g - 6 bread rations
 q - an apple
 t - 2 sausages
 S - a slice of pizza
Scrolls
 d - 3 scrolls of blinking
 r - a scroll of enchant weapon II
 w - 2 scrolls of magic mapping
 A - 4 scrolls of teleportation
 F - a scroll of noise {unknown}
 K - 2 scrolls of identify
 N - 3 scrolls of remove curse
 P - a scroll of amnesia
 W - a scroll of fog
Jewellery
 k - an uncursed ring of flight
 m - a ring of protection from fire (left hand)
 o - an amulet of warding (around neck)
 p - an uncursed ring of protection from magic
 x - an uncursed ring of ice
 y - a ring of protection from magic (right hand)
Potions
 J - a potion of brilliance
 Q - a potion of invisibility
 T - a potion of speed
 U - 3 potions of confusion
Books
 c - a book of Spatial Translocations

   Spells                             Type                      Level
   *Apportation                       Translocation                1
   Portal Projectile                  Translocation                2
   *Blink                             Translocation                2
   *Shroud of Golubria                Charms/Translocation         2
   Teleport Other                     Translocation                3
   Passage of Golubria                Translocation                4
 z - a book of the Tempests

   Spells                             Type                      Level
   Static Discharge                   Conjuration/Air              3
   Lightning Bolt                     Conjuration/Air              5
   Fireball                           Conjuration/Fire             5
   Tornado                            Air                          9
   Shatter                            Earth                        9
 G - Kikubaaqudgha's Collected Works on Necromancy
   (You found it on level 4 of the Dungeon)

   Spells                             Type                      Level
   *Animate Skeleton                  Necromancy                   1
 H - Sif Muna's Tome of Arcane Weapons
   (You found it on level 4 of the Dungeon)

   Spells                             Type                      Level
   Flame Tongue                       Conjuration/Fire             1
 I - Vehumet's Compendium of Confrontation
   (You found it on level 4 of the Dungeon)

   Spells                             Type                      Level
   Magic Dart                         Conjuration                  1
 L - a book of Spatial Translocations

   Spells                             Type                      Level
   *Apportation                       Translocation                1
   Portal Projectile                  Translocation                2
   *Blink                             Translocation                2
   *Shroud of Golubria                Charms/Translocation         2
   Teleport Other                     Translocation                3
   Passage of Golubria                Translocation                4


   Skills:
 + Level 6.3 Fighting
 - Level 7.5 Short Blades
 + Level 10.9 Long Blades
 - Level 0.8 Throwing
 * Level 5.5 Armour
 - Level 4.6 Dodging
 - Level 2.0 Spellcasting
 - Level 2.6 Translocations


You had 7 spell levels left.
You knew the following spells:

 Your Spells              Type           Power        Failure   Level  Hunger
a - Apportation           Tloc           ##........   12%         1    #......
b - Animate Skeleton      Necr           N/A          28%         1    #......
c - Blink                 Tloc           N/A          14%         2    ###....
d - Shroud of Golubria    Chrm/Tloc      #.........   28%         2    ###....


Dungeon Overview and Level Annotations

Branches:
Dungeon (9/27)             Temple (0/1) D:4             Orc (0/4) D:7
   Lair: D:8-13

Altars:
Elyvilon
Kikubaaqudgha
Nemelex Xobeh
Okawaru
Sif Muna
Vehumet
Zin
the Shining One

Annotations
D:9 Blork the orc


Innate Abilities, Weirdness & Mutations

You have sharp toenails.
You are completely covered in rough black scales (AC +10, Dex -3).
You sometimes gain power by taking damage.
You can tolerate rotten meat.
Your body is slowly deteriorating.
You are dopey (Int -1).


Message History

* * * LOW HITPOINT WARNING * * *
You feel sick.
You start resting.
* * * LOW HITPOINT WARNING * * *
You feel sick.
* * * LOW HITPOINT WARNING * * *
You feel sick.
* * * LOW HITPOINT WARNING * * *
You feel sick.
* * * LOW HITPOINT WARNING * * *
You feel sick.
* * * LOW HITPOINT WARNING * * *
You feel sick.
You feel a little better.
* * * LOW HITPOINT WARNING * * *
You feel sick.
You are near starving!
Eat which item? (? for menu, Esc to quit)
You continue eating.
You die...

##...##......# ._. #.............
##...##......# ... ##............
##...##......# ... #.............
##...........###'###...##......##
##.............#.##....###.....#
...............#.#...........####
..<............#.#...............
...#.........).#%#...............
...............#@#............>..
...............###...............
.................................
.................................
.....(...........................
.................................
.................................
.................................
.................................


There were no monsters in sight!

Vanquished Creatures
  The ghost of Restia the Spear-Bearer, an experienced TeFi of Nemelex Xobeh (D:7)
  Maurice (D:9)
  Grum (D:9)
  4 wolves (D:8)
  A hill giant skeleton (D:9)
  Menkaure (D:7)
  A swamp drake (D:7)
  5 orc warriors
  A phantom (D:7)
  A sky beast (D:7)
  2 ice beasts
  4 ogres
  2 centaurs
  6 giant frogs
  A gnoll sergeant (D:7)
  3 killer bees (D:8)
  5 wights (D:8)
  8 crimson imps
  2 goliath beetles (D:8)
  A giant frog zombie (D:6)
  2 quasits (D:8)
  5 hounds
  A water moccasin skeleton (D:8)
  2 iguanas
  10 orc wizards
  7 worker ants
  A scorpion (D:7)
  An orange rat (D:8)
  An ogre zombie (D:5)
  Ijyb (D:7)
  2 jellies
  A hound skeleton (D:4)
  11 adders
  4 gnolls (D:7)
  3 green rats (D:8)
  2 giant mites
  2 inept feature mimics
  7 worms
  A scorpion zombie (D:7)
  4 grey rats (D:8)
  2 giant eyeballs
  4 giant geckos
  30 orcs
  4 orc priests
  A ball python (D:2)
  10 bats
  A bat skeleton (D:4)
  9 goblins
  12 hobgoblins
  9 jackals
  15 kobolds
  An ooze (D:4)
  A quokka (D:5)
  2 giant cockroaches
  5 giant newts
  A giant newt skeleton (D:5)
  A jackal skeleton (D:5)
  22 rats
249 creatures vanquished.

Vanquished Creatures (others)
  A centaur skeleton (D:8)
  A scorpion (D:9)
  2 orcs
  A hobgoblin (D:9)
5 creatures vanquished.

Grand Total: 254 creatures vanquished

Notes
Turn   | Place    | Note
--------------------------------------------------------------
     0 | D:1      | Rycklaryybbe, the Demonspawn Warper, began the quest for the Orb.
     0 | D:1      | Reached XP level 1. HP: 15/15 MP: 1/1
   427 | D:1      | Gained mutation: You are partially covered in rough black scales (AC +4, Dex -1). [demonic ancestry]
   427 | D:1      | Reached XP level 2. HP: 21/21 MP: 3/3
   896 | D:1      | Reached skill level 4 in Fighting
   896 | D:1      | Reached skill level 6 in Short Blades
   896 | D:1      | Gained mutation: You sometimes gain a little power by taking damage. [demonic ancestry]
   896 | D:1      | Reached XP level 3. HP: 25/27 MP: 4/4
  1208 | D:2      | Reached XP level 4. HP: 31/34 MP: 6/6
  2165 | D:3      | Found an iron altar of Okawaru.
  2173 | D:3      | Became a worshipper of Warmaster Okawaru
  2200 | D:3      | Gained mutation: You are mostly covered in rough black scales (AC +7, Dex -2). [demonic ancestry]
  2200 | D:3      | Reached XP level 5. HP: 38/40 MP: 7/7
  2312 | D:3      | Found a glowing silver altar of Zin.
  2405 | D:3      | Reached skill level 7 in Short Blades
  3039 | D:4      | Gained mutation: You have sharp toenails. [demonic ancestry]
  3039 | D:4      | Reached XP level 6. HP: 46/46 MP: 9/9
  3069 | D:4      | Found a sparkling altar of Nemelex Xobeh.
  3487 | D:4      | Reached skill level 1 in Long Blades
  4178 | D:4      | Found a staircase to the Ecumenical Temple.
  4282 | D:4      | Found an ancient bone altar of Kikubaaqudgha.
  4286 | D:4      | Identified Kikubaaqudgha's Collected Works on Necromancy
  4290 | D:4      | Found a deep blue altar of Sif Muna.
  4294 | D:4      | Identified Sif Muna's Tome of Arcane Weapons
  4298 | D:4      | Found a radiant altar of Vehumet.
  4302 | D:4      | Identified Vehumet's Compendium of Confrontation
  4305 | D:4      | Learned a level 1 spell: Animate Skeleton
  4351 | D:4      | Gained mutation: You are completely covered in rough black scales (AC +10, Dex -3). [demonic ancestry]
  4351 | D:4      | Reached XP level 7. HP: 52/52 MP: 10/10
  4363 | D:4      | Acquired Okawaru's first power
  4475 | D:5      | Entered Level 5 of the Dungeon
  4501 | D:4      | Reached skill level 5 in Long Blades
  4521 | D:5      | Got a dazzling ring mail
  4535 | D:5      | Identified the cursed -5 ring mail of Grace {rN+ Dam+5} (You found it on level 5 of the Dungeon)
  4938 | D:5      | Found a staircase to the Ecumenical Temple.
  4949 | D:5      | the staircase to the Ecumenical Temple was a mimic.
  5095 | D:6      | Gained mutation: You can tolerate rotten meat. [demonic ancestry]
  5095 | D:6      | Reached XP level 8. HP: 58/58 MP: 12/12
  5228 | D:6      | Reached skill level 8 in Long Blades
  5919 | D:6      | Gained mutation: Your body is slowly deteriorating. [potion of mutation]
  5919 | D:6      | Gained mutation: You are dopey (Int -1). [potion of mutation]
  6143 | D:6      | Reached skill level 9 in Long Blades
  6403 | D:7      | Noticed Ijyb
  6411 | D:7      | Killed Ijyb
  6436 | D:7      | Noticed Menkaure
  6443 | D:7      | Killed Menkaure
  6450 | D:7      | Reached XP level 9. HP: 57/64 MP: 11/13
  6463 | D:7      | Noticed Restia's ghost (experienced TeFi)
  6473 | D:7      | Killed Restia's ghost
  6473 | D:7      | Reached skill level 10 in Long Blades
  6666 | D:7      | Reached skill level 5 in Fighting
  6713 | D:7      | Reached skill level 1 in Armour
  6742 | D:7      | Paralysed by a potion of paralysis for 5 turns
  6751 | D:7      | Found a glowing golden altar of the Shining One.
  7424 | D:7      | Found a staircase to the Orcish Mines.
  8362 | D:8      | Gained mutation: You sometimes gain power by taking damage. [demonic ancestry]
  8362 | D:8      | Reached XP level 10. HP: 28/72 MP: 15/15
  9063 | D:8      | Learned a level 2 spell: Blink
  9066 | D:8      | Learned a level 2 spell: Shroud of Golubria
  9114 | D:9      | Noticed Grum
  9392 | D:9      | Killed Grum
  9425 | D:9      | Reached skill level 5 in Armour
  9570 | D:9      | Noticed Maurice
  9596 | D:9      | Killed Maurice
  9646 | D:9      | Noticed Blork the orc
  9691 | D:8      | Found a white marble altar of Elyvilon.
  9713 | D:8      | HP: 3/72 [poisoned by a killer bee]
  9721 | D:8      | HP: 3/72 [poisoned by a killer bee]
  9729 | D:8      | HP: 3/72 [poisoned by a killer bee]
  9736 | D:8      | HP: 3/72 [poisoned by a killer bee]
  9739 | D:8      | HP: 1/72 [poisoned by a killer bee]
  9745 | D:8      | Succumbed to a killer bee's poison

Action                   |  1- 3 |  4- 6 |  7- 9 | 10-12 || total
-------------------------+-------+-------+-------+-------++-------
Melee: Short sword       |   123 |    91 |       |       ||   214
       Dagger            |       |   181 |   108 |       ||   289
       Falchion          |       |       |   349 |       ||   349
       Great sword       |       |       |    16 |   136 ||   152
Throw: Dart              |       |    18 |    13 |     5 ||    36
 Cast: Apportation       |     1 |       |       |       ||     1
       Animate Skeleton  |       |       |     1 |       ||     1
Invok: Heroism           |       |       |     8 |     1 ||     9
Evoke: Wand              |       |       |     1 |     1 ||     2
  Use: Scroll            |     5 |     6 |     5 |     5 ||    21
       Potion            |     4 |     1 |     8 |     6 ||    19
 Stab: Invisible         |       |     2 |     3 |       ||     5
       Sleeping          |       |     1 |       |       ||     1
       Confused          |       |       |     1 |       ||     1
